 Dungeon Crawl Stone Soup version 0.29.1-15-g9cfb28693d (webtiles) character file.

Game seed: 7833979927025195189

373 Calibrex the Ruffian (level 6, -10/61 HPs)
             Began as a Troll Fighter on Mar 23, 2023.
             Mangled by an ogre
             ... wielding a +0 giant spiked club
              (33 damage)
             ... on level 5 of the Dungeon.
             The game lasted 00:05:43 (2630 turns).

Calibrex the Ruffian (Troll Fighter)                Turns: 2630, Time: 00:05:43

Health: -10/61     AC:  4    Str: 25    XL:     6   Next: 43%
Magic:  5/5        EV:  8    Int:  6    God:
Gold:   200        SH:  7    Dex:  9    Spells: 5/5 levels left

rFire   . . .      SeeInvis .     - Unarmed
rCold   . . .      Faith    .   b - +0 kite shield
rNeg    . . .      Spirit   .   a - +0 robe
rPois   .          Reflect  .   (helmet restricted)
rElec   .          Harm     .   (no cloak)
rCorr   .          Rampage  .   (gloves unavailable)
Will    .....                   (boots unavailable)
Stlth   +.........              (no amulet)
HPRegen 1.00/turn               (no ring)
MPRegen 0.09/turn               (no ring)

@: no status effects
A: large, unfitting armour, claws 3, regeneration 1, shaggy fur 1, tough skin 1
a: no special abilities


You were on level 5 of the Dungeon.
You visited 1 branch of the dungeon, and saw 5 of its levels.

You collected 200 gold pieces.

Inventory:

Missiles
 d - 11 poisoned darts
 k - 3 large rocks (quivered)
 n - 5 javelins
Armour
 a - a +0 robe (worn)
 b - a +0 kite shield (worn)
Scrolls
 g - a scroll of immolation
 l - 2 scrolls of fear
 m - 5 scrolls of identify
 o - a scroll of teleportation {unknown}
 p - a scroll of fog {unknown}
 q - a scroll of poison {unknown}
Potions
 c - 5 potions of might
 e - a potion of mutation {unknown}
 f - 2 potions of ambrosia {unknown}
 h - 3 potions of heal wounds
 i - 2 potions of brilliance
 j - a potion of magic
 r - 3 potions of curing {unknown}
 s - a potion of invisibility {unknown}


   Skills:
 + Level 3.6 Fighting
 - Level 2.4 Dodging
 + Level 4.0 Shields
 * Level 5.1 Unarmed Combat


You had 5 spell levels left.
You didn't know any spells.
Your spell library contained the following spells:

 Spells                   Type           Power      Damage    Failure   Level
 Call Canine Familiar     Summ           0%         N/A       98%         3
 Dazzling Flash           Conj/Hex       0%         N/A       98%         3
 Portal Projectile        Hex/Tloc       0%         N/A       98%         3
 Animate Armour           Summ/Erth      0%         N/A       100%        4
 Iskenderun's Mystic Bla  Conj/Tloc      0%         2d3       100%        4
 Leda's Liquefaction      Hex/Erth       0%         N/A       100%        4
 Blade Hands              Tmut           0%         N/A       100%        5
 Iron Shot                Conj/Erth      0%         9d1       100%        6
 Starburst                Conj/Fire      0%         6d3       100%        6


Dungeon Overview and Level Annotations

Branches:
Dungeon (5/15)
 Temple: D:4-7

Altars:
Sif Muna


Innate Abilities, Weirdness & Mutations

You are too large for most types of armour.
You have claws for hands.
Your natural rate of healing is unusually fast.
You are covered in fur. (AC +1)
You have tough skin. (AC +1)


Message History

You scratch the iguana.
The iguana is moderately wounded.
You block the iguana's attack.
You scratch the iguana.
The iguana is moderately wounded.
The iguana barely misses you.
You scratch the iguana but do no damage.
The iguana is moderately wounded.
You block the iguana's attack.
You claw the iguana!
You kill the iguana!
Your Shields skill increases to level 4!
No target in view!
No target in view!
An ogre comes into view. It is wielding a +0 giant spiked club.
The ogre shouts!
An ogre is nearby!
An ogre is nearby!
A scorpion comes into view.
The ogre hits you with a +0 giant spiked club!
You barely miss the ogre.
The ogre hits you with a +0 giant spiked club!!
You scratch the ogre.
The ogre is lightly wounded.
You closely miss the ogre.
The ogre is lightly wounded.
The ogre closely misses you.
You scratch the ogre.
The ogre is moderately wounded.
The ogre hits you with a +0 giant spiked club!
You are too injured to fight recklessly!
You are too injured to fight recklessly!
You are too injured to fight recklessly!
You claw the ogre!
The ogre is heavily wounded.
You barely miss the ogre.
The ogre is heavily wounded.
The ogre hits you with a +0 giant spiked club!!
Ouch! That really hurt!
You die...

#.##.##.#### #.##.##.#
#.##.##.# #.##.##.#
#.##.##.# #.##.##.#
#.##.##.#
..##.##.#############...
#### #.........@Os.....
.... ###############...
####


You could see an ogre and a scorpion.

Vanquished Creatures
  A black bear (D:5)
  Jessica (D:2)
  3 iguanas
  9 adders
  4 worms
  A dart slug (D:4)
  11 orcs
  4 ball pythons
  7 endoplasms
  5 giant cockroaches
  5 goblins
  6 hobgoblins
  3 jackals (D:2)
  4 quokkas
  4 bats
  A frilled lizard (D:3)
  5 kobolds
  5 rats
79 creatures vanquished.

Notes
Turn   | Place    | Note
-------+----------+-------------------------------------------
     0 | D:1      | Calibrex the Troll Fighter began the quest for the Orb.
     0 | D:1      | Reached XP level 1. HP: 22/22 MP: 0/0
    59 | D:1      | Found a faded altar of an unknown god.
   234 | D:1      | Reached XP level 2. HP: 28/28 MP: 1/1
   465 | D:2      | Reached XP level 3. HP: 36/36 MP: 2/2
   554 | D:2      | Reached skill level 3 in Unarmed Combat
   871 | D:2      | Noticed Jessica
   875 | D:2      | Killed Jessica
   876 | D:2      | Reached XP level 4. HP: 40/44 MP: 3/3
  1328 | D:3      | Reached skill level 4 in Unarmed Combat
  1328 | D:3      | Reached XP level 5. HP: 52/53 MP: 4/4
  2327 | D:5      | Entered Level 5 of the Dungeon
  2434 | D:5      | Found a shimmering blue altar of Sif Muna.
  2435 | D:5      | Noticed a black bear
  2441 | D:5      | Killed a black bear
  2442 | D:5      | Reached skill level 5 in Unarmed Combat
  2442 | D:5      | Reached XP level 6. HP: 48/61 MP: 5/5
  2630 | D:5      | Mangled by an ogre

Illustrated notes

Levels and vault maps discovered:
D:1:      tarquinn_simple_flora_water_a, layout_rooms,
          hellmonk_ecumenical_altar_crossroads, minmay_tetromino_o4
D:2:      layout_basic, kennysheep_generic_room_13, uniq_jessica
D:3:      layout_basic
D:4:      layout_basic
D:5:      layout_loops_ring, nicolae_overflow_crystal_walls,
          nrook_mini_backslash

Skill      XL: |  1  2  3  4  5  6 |
---------------+-------------------+-----
Shields        | 3 4 |  4.0
Unarmed Combat | 3 4 5 |  5.1
Fighting       | 3 |  3.6
Dodging        | |  2.4

Action                   |  1- 3 |  4- 6 || total
-------------------------+-------+-------++-------
Melee: Unarmed           |   102 |   131 ||   233
  Use: Scroll            |       |     9 ||     9
 Stab: Sleeping          |     1 |       ||     1
Armor: Robe              |    33 |    28 ||    61
Dodge: Dodged            |    23 |    34 ||    57
Block: Kite shield       |    39 |    37 ||    76
